Map: Orbital Shipyard

Players

SticklerMac

  • Race: Zerg Zerg
  • League: Bronze

CobrAKush - Winner!

  • Race: Zerg Zerg
  • League: Silver

VOD

Have the link to the VOD?

Description

Time

  • Played on: Aug. 10, 2015, 7:05 p.m.
  • Length: 3:08
Show
View Real Time Build Order
Export as new Build Order

SticklerMac Zerg 

Build Orders: Hatch First 

Get SALT Encoding   

  12  0:01  Drone  
  13  0:08  Drone  
  14  0:17  Overlord  
  14  0:36  Drone x2  
  16  0:44  Drone  
  17  0:57  Hatchery  
  17  1:00  Drone  
  17  1:13  Spawning Pool  
  17  1:17  Drone  
  17  1:21  Drone  
  17  1:24  Extractor  
  17  1:26  Drone  
  17  1:30  Drone  
  19  1:40  Overlord  
  19  1:51  Drone  
  20  2:07  Spine Crawler  
  19  2:08  Spine Crawler  
  19  2:10  Spine Crawler  
  17  2:18  Queen  
  14  2:38  Zergling x6  
  14  2:39  Zergling x6  
Show
View Real Time Build Order
Export as new Build Order

CobrAKush Zerg - Winner!

Build Orders: Pool Only 

Get SALT Encoding   

  12  0:02  Drone  
  13  0:11  Drone  
  14  0:26  Spawning Pool  
  13  0:30  Extractor  
  13  0:31  Drone  
  13  0:35  Drone  
  14  0:50  Overlord  
  14  1:13  Queen  
  16  1:22  Zergling x6  
  19  1:31  Metabolic Boost  
  19  1:34  Overlord  
  19  1:44  Zergling x2  
  20  1:52  Baneling Nest  
  19  1:57  Zergling x2  
  20  2:07  Zergling x2  
  21  2:25  Zergling x10  
  26  2:45  Baneling  
  26  2:46  Baneling x5  
Tags
 
Add a new tag
Caveats
  • Supply blocks, unpowered buildings, or Contaminate may cause inaccurate times.
  • Supply counts are checked every 10 seconds.